[Event "Grand Prix Romania 1st Stage 2024"]
[Site "Bucuresti"]
[Date "2024.03.24"]
[Round "5.17"]
[White "Korobov, Anton"]
[Black "Petrescu, Georgian-Dorin"]
[Result "1-0"]
[ECO "E73"]
[WhiteElo "2662"]
[BlackElo "2064"]
[Annotator "TA"]
[PlyCount "47"]
[EventDate "2024.03.20"]
[EventType "swiss"]
[EventCountry "ROU"]
[SourceTitle "playchess.com"]
[Source "ChessBase"]
[SourceQuality "1"]
[TimeControl "900+5"]

1. c4 Nf6 2. Nc3 g6 3. e4 d6 4. d4 Bg7 5. Be2 O-O 6. Bg5 Nc6 7. d5 Nb8 8. Nf3 Nbd7 9. O-O h6 {[%emt 0:00:35] White is slightly better.} 10. Be3 e5 11. dxe6 fxe6 12. Qc2 {[%emt 0:00:30][%cal Oe4e5] Black must now prevent e5!} e5 13. Rfd1 a5 (13... Ng4 $14) 14. c5 {[%emt 0:00:12][%cal Bc4c5,Bc5d6,Bd6c7][%mdl 32] White is much more active.} Ne8 {[%emt 0:01:02] Loses the game.} (14... Ng4 $16) 15. Nb5 Qe7 $2 {[%emt 0:01:47] [#]} (15... Kh7 {is a better chance.} 16. cxd6 c6) 16. Nxc7 $1 $18 {[%emt 0:00:07][%mdl 512] Strongly threatening cxd6. White is clearly winning.} Nxc7 (16... Rb8 17. cxd6) 17. cxd6 Qf6 18. dxc7 Kh7 19. Bb5 Qe7 (19... Rf7 $142 20. Bc4 Ra6 21. Bxa6 Qxa6) 20. Bxd7 Bxd7 21. Bc5 Qf7 22. Bxf8 Rxf8 23. Qc5 {[%emt 0:00:43][%csl LRa5,LRe5][%cal Oc5f8] [#] Threatens to win with Qxf8!} Bc6 24. Rd8 {[%emt 0:00:07] Weighted Error Value: White=0.16 (very precise) /Black=0.67.  Mistake:       	---       	Black=4      Inaccurate:     	White=1     	---        OK:         	White=7     	Black=1} 1-0

[Event "Grand Prix Romania 1st Stage 2024"]
[Site "Bucuresti"]
[Date "2024.03.24"]
[Round "5.18"]
[White "Dumitrescu, Daniel"]
[Black "Kuzubov, Yuriy"]
[Result "0-1"]
[ECO "E14"]
[WhiteElo "1997"]
[BlackElo "2605"]
[Annotator "TA"]
[PlyCount "64"]
[EventDate "2024.03.20"]
[EventType "swiss"]
[EventCountry "ROU"]
[SourceTitle "playchess.com"]
[Source "ChessBase"]
[SourceQuality "1"]
[TimeControl "900+5"]

1. Nf3 d5 2. d4 e6 3. c4 a6 4. e3 Nf6 5. b3 b6 6. Nc3 Bb7 7. cxd5 exd5 8. Bd3 Nbd7 9. O-O Bd6 10. Bb2 O-O 11. Rc1 Re8 12. h3 Ne4 13. Bxe4 (13. Ne2 $11) 13... dxe4 $15 14. Nd2 b5 15. a4 b4 16. Ne2 a5 17. Nc4 Bf8 18. Nf4 Nf6 19. Qc2 Nd5 20. Ne2 Bd6 21. Nxd6 (21. Rfe1 $15) 21... cxd6 $17 22. Ng3 Qe7 23. Qb1 {[%emt 0:00:11] [#]} ({White should try} 23. Qd1) 23... Qe6 $1 24. Ba1 f5 25. Rc2 $2 (25. Rfe1 $17) 25... Ba6 $19 26. Rd1 Bd3 27. Rxd3 (27. Kh2 $142) 27... exd3 28. Rd2 f4 29. Nf1 fxe3 30. fxe3 Nxe3 {[%emt 0:00:04] [#] ...Rac8 would now be deadly.} 31. Qxd3 Nxf1 32. Kxf1 Qe1# {[%emt 0:00:02] Weighted Error Value: White=0.71/Black=0.02 (flawless) .  Loses game:     	White=1     	---        Mistake:       	White=4     	---        Inaccurate:     	White=1     	---        OK:         	White=8     	Black=10} 0-1

[Event "Grand Prix Romania 1st Stage 2024"]
[Site "Bucuresti"]
[Date "2024.03.24"]
[Round "5.19"]
[White "Brunello, Sabino"]
[Black "Ciocani, Iosif"]
[Result "1-0"]
[ECO "A09"]
[WhiteElo "2515"]
[BlackElo "2177"]
[Annotator "TA"]
[PlyCount "79"]
[EventDate "2024.03.20"]
[EventType "swiss"]
[EventCountry "ROU"]
[SourceTitle "playchess.com"]
[Source "ChessBase"]
[SourceQuality "1"]
[TimeControl "900+5"]

1. c4 Nf6 2. g3 e6 3. Bg2 d5 4. Nf3 d4 5. d3 c5 6. O-O Nc6 7. e3 Bd6 8. Na3 O-O 9. exd4 {[%emt 0:00:37] The position is equal.} cxd4 10. Nc2 e5 11. b4 Nxb4 ({Black should try} 11... Re8 $11) 12. Nxb4 $14 Bxb4 13. Nxe5 Qa5 14. Rb1 Bc3 (14... Re8 $14 15. a3 Bc3) 15. Rb5 (15. Bxb7 Bxb7 16. Rxb7 Qxe5 $17) 15... Qxa2 16. Bg5 {[%emt 0:00:02][%cal Og5f6] Bxf6! would now be deadly.} a6 $2 (16... Qa6 $16) 17. Rb1 $2 (17. Rxb7 $1 $18 Bxb7 18. Bxb7) 17... Qa5 $11 18. Bxf6 (18. Bxb7 Bxb7 (18... Qxe5 $2 19. Bxf6 gxf6 20. Bxa8 $18) 19. Bxf6 gxf6 $11) 18... gxf6 19. Ng4 (19. Nf3 $1 $11) 19... Qg5 $17 20. h3 a5 (20... f5 $15 21. Ne5 Qg7) 21. Qa4 (21. Bxb7 $11 Rb8 22. Bxc8 Rfxc8 (22... Rxb1 23. Qxb1 Rxc8 24. Qb7 $16) 23. Qf3) 21... h5 (21... f5 $15 22. Ne5 Qe7) 22. Rb5 $11 Qg6 (22... f5 $1 $11 23. Bxb7 hxg4 (23... Bxb7 24. Rxf5 Qg6 25. Nf6+ Kg7 26. Qb5 $11) 24. Bxa8 Bd7) 23. Rxh5 $1 $16 {[%emt 0:00:14] Rh6 is the strong threat.} (23. Bxb7 $2 Bxb7 $19) 23... f5 $2 (23... Kg7 $1 $14 24. Qb5 Bd7) 24. Rh6 Qg5 25. f4 (25. Nf6+ Kg7 26. Rh7+ Kxf6 $19) 25... Qe7 26. Ne5 (26. Nf6+ $18 Kg7 27. Qd1 (27. Nd5 Qe2 $11)) 26... Kg7 $1 $11 {[%emt 0:00:28] Black is weak on the light squares} 27. Rb6 $36 {[%emt 0:00:03][%mdl 2048] White has some pressure.} f6 {[%emt 0:00:20] [#]} (27... Ra6 $11 28. Rxa6 bxa6) 28. Nf3 {[%emt 0:00:02] White is much more active.} (28. Rfb1 $1 $16 {[%cal Rb6b7] Black must now prevent Rxb7.} Ra7 (28... fxe5 $2 29. Rxb7 Bxb7 30. Rxb7 $16) 29. Nf3) 28... Bd7 (28... Ra6 $11 {keeps the balance.} 29. Rxa6 bxa6) 29. Qa2 (29. Rxb7 $16 Rf7 30. Qd1 Qe3+ 31. Kh2) 29... Bc6 (29... Rab8 $11) 30. Kh2 Qd7 31. Rfb1 {[%emt 0:00:11][%cal Of3e5] aiming for Ne5!} a4 $2 {[%emt 0:00:06][%mdl 8192] [#]} (31... Bb4 $14) 32. Ne5 $1 $18 fxe5 {[%emt 0:00:25] [#]} 33. Bxc6 Qd8 (33... bxc6 $142 34. Rb7 (34. fxe5 $2 {loses.} Ra7 $19) 34... Rf7 35. Rxd7 (35. fxe5 $2 {perishes.} Qxb7 36. Kg2 Qe7 $19) 35... Rxd7) 34. Rxb7+ Kh6 35. Rd7 Qf6 36. Bxa8 {[%emt 0:00:04] And now fxe5 would win.} Rxa8 37. fxe5 {[%emt 0:00:01] White mates.} Qxe5 38. Rb6+ Kg5 39. Qf2 Rg8 40. Rd5 {[%emt 0:00:11] Weighted Error Value: White=0.40/Black=0.78.  Loses game:     	---       	Black=3      Missed win:     	White=2     	---        Mistake:       	White=4     	Black=9      Inaccurate:     	White=1     	---        OK:         	White=9     	Black=6      Best:        	White=3     	Black=3      Strong:       	White=1     	Black=1      Brilliant:      	White=1     	---} 1-0

[Event "Grand Prix Romania 1st Stage 2024"]
[Site "Bucuresti"]
[Date "2024.03.24"]
[Round "5.20"]
[White "Sachilaru, Alexandru"]
[Black "Fridman, Daniel"]
[Result "0-1"]
[ECO "B07"]
[WhiteElo "2203"]
[BlackElo "2590"]
[Annotator "TA"]
[PlyCount "86"]
[EventDate "2024.03.20"]
[EventType "swiss"]
[EventCountry "ROU"]
[SourceTitle "playchess.com"]
[Source "ChessBase"]
[SourceQuality "1"]
[TimeControl "900+5"]

1. e4 d6 2. d4 Nf6 3. Nc3 g6 4. Be3 c6 5. Qd2 b5 6. f3 Nbd7 7. O-O-O Qa5 8. Kb1 Nb6 {[%emt 0:00:29] [#]} 9. Nd5 $1 Qxd2 10. Nxf6+ {[%emt 0:00:02] White is slightly better.} exf6 11. Rxd2 a6 12. b3 f5 13. Bd3 Bg7 14. Ne2 fxe4 15. Bxe4 Bd7 16. Bf4 f5 17. Bd3 Ke7 18. Re1 Be6 19. Bg5+ Bf6 20. Bxf6+ Kxf6 21. Nf4 Bf7 22. c3 g5 (22... Rhe8 {simplifies} 23. Rxe8 Rxe8 24. Re2 Rxe2 25. Bxe2 g5) 23. Nh3 a5 (23... Rae8 $15 24. Rxe8 Rxe8) 24. Kb2 (24. g4 $11) 24... a4 (24... Rhe8 $15 25. Rxe8 Bxe8 (25... Rxe8 26. Re2 $11)) 25. Rde2 (25. g4 $1 $11 {feels stronger.}) 25... axb3 26. axb3 Ra7 {[%emt 0:00:01] aiming for ...Rha8.} 27. f4 h6 {[%emt 0:00:18] Hoping for ...g4.} (27... g4 $5 28. Ng5 $8 Bd5 29. Re6+ Bxe6 30. Rxe6+ Kg7 31. Bxf5 (31. Rxd6 Rha8 $11) 31... Nd5 $11) 28. g4 $1 Rha8 {[%emt 0:00:14] ...Ra2+ is the strong threat. The board is on fire.} 29. Bxf5 Ra2+ 30. Kc1 Rxe2 31. Rxe2 Bxb3 32. fxg5+ hxg5 33. Rf2 {[%emt 0:00:17] Bc2+ would now be deadly.} Kg7 34. Nxg5 Ra1+ 35. Bb1 {[%emt 0:00:08] Black must now prevent Kb2.} Bd5 36. h4 ({White should play} 36. Kb2 $11 Ra4 37. Re2) 36... Na4 $15 37. Kc2 Ra3 (37... Nxc3 $5 38. Kxc3 Rxb1 $17) 38. Kd2 (38. Re2 $11 {remains equal.}) 38... Nxc3 $17 39. Bc2 (39. Bf5 $17 {was called for.}) 39... b4 $19 40. h5 $2 (40. Rf1) 40... b3 41. Kxc3 {[%emt 0:00:07] [#]} (41. Bd3 $19 Ra2+ 42. Ke1) 41... bxc2+ {[%emt 0:00:02] Black mates.} 42. Kb2 Ra2+ 43. Kc1 Ra1+ {[%emt 0:00:01] Weighted Error Value: White=0.43/Black=0.09 (flawless) .  Mistake:       	White=7     	Black=2      Inaccurate:     	White=3     	Black=2      OK:         	White=10    	Black=8      Best:        	White=2     	Black=6      Strong:       	White=1     	---} 0-1

[Event "Grand Prix Romania 1st Stage 2024"]
[Site "Bucuresti"]
[Date "2024.03.24"]
[Round "5.21"]
[White "Sandu, Mihaela"]
[Black "Bernadskiy, Vitaliy"]
[Result "1/2-1/2"]
[ECO "B03"]
[WhiteElo "2270"]
[BlackElo "2573"]
[Annotator "TA"]
[PlyCount "75"]
[EventDate "2024.03.20"]
[EventType "swiss"]
[EventCountry "ROU"]
[SourceTitle "playchess.com"]
[Source "ChessBase"]
[SourceQuality "1"]
[TimeControl "900+5"]

1. e4 Nf6 2. e5 Nd5 3. d4 d6 4. c4 Nb6 5. exd6 exd6 6. Nc3 Be7 7. Be3 O-O 8. Nf3 Bg4 9. h3 Bh5 (9... Bxf3 $14 10. Qxf3 c6) 10. b3 f5 {[%emt 0:00:36][%cal Bf7f5,Bf5f4][%mdl 32] Weiß steht etwas besser.} 11. Be2 f4 12. Bc1 Nc6 13. Bb2 d5 (13... Re8 $14) 14. c5 $1 $16 Nc8 15. Nxd5 $1 b6 $2 (15... Qxd5 $2 16. Bc4 Nb4 (16... Bxf3 $2 17. Qxf3 $18) 17. Bxd5+ $18) (15... Kh8 $16 {ist wohl besser.}) 16. O-O Kh8 (16... Qxd5 $2 {verliert.} 17. Bc4 Nb4 (17... Bxf3 $2 18. Qxf3 $18) 18. Bxd5+ $18) 17. Nxe7 N8xe7 18. Ng5 ({Günstiger ist} 18. Re1 $18) 18... Bxe2 19. Qxe2 {[%emt 0:00:02] Und Qh5 würde nun gewinnen.} Qd5 20. Qg4 {[%emt 0:01:44] Ne6 ist eine echte Drohung.} Rf5 (20... Rf6 $142) 21. h4 $1 {[%emt 0:00:46] Schwarz muss nun Rfe1 beachten.} h6 {[%emt 0:03:19] [#]} 22. Ne6 Qxe6 $11 {[%emt 0:00:30] [#]} 23. d5 $1 $40 {[%emt 0:00:16][%csl Gb2][%cal Rg4g7][%mdl 128] Weiss hat einigen Angriff.} Ne5 ({Schlechter ist} 23... Rxd5 24. Qxg7#) 24. Bxe5 $1 Qxe5 25. Rae1 Qxd5 (25... Qf6 $11 26. Rxe7 Qxe7 27. Qxf5 Rf8) 26. Rxe7 $14 Rf7 27. Rxf7 Qxf7 {[%emt 0:00:02][%mdl 4096] Endspiel. KQR-KQR} 28. Rd1 {[%emt 0:00:48] Gegen Rd8 gerichtet.} bxc5 29. Rd7 Qf6 30. Rxc7 {[%emt 0:00:03] Weiß hat aktiveres Spiel.} Re8 (30... a6 $16) 31. Rxc5 (31. Rxa7 $18 Kh7 32. Ra4) 31... Qa1+ $16 32. Kh2 {[%emt 0:00:02] Rc7 wäre nun fies.} Qxa2 33. Rc8 ({Viel schwächer wäre} 33. Qxf4 Qxb3 34. Rf5 Kh7 $11) (33. Rc7 $16 Rg8 34. Qxf4) 33... Rxc8 34. Qxc8+ Kh7 35. Qf5+ Kh8 {[%emt 0:00:04] [#]} (35... Kg8 $1 $11 {bleibt in der Remisbreite.}) 36. Qf8+ $1 Kh7 37. Qf5+ (37. Qxf4 $16 Qxb3 38. Qe4+ Kh8 39. Qa8+ Kh7 40. Qxa7) 37... Kh8 $11 38. Qf8+ {[%emt 0:00:02] Schwarz hat sich erfolgreich gewehrt.   Gewichteter Fehlerwert: Weiß=0.23 (präzise) /Schwarz=0.28 (präzise) .  Verlustzug:     	---       	Schwarz=1     Fehler:       	Weiß=5     	Schwarz=6     Ungenau:       	Weiß=2     	---        OK:         	Weiß=6     	Schwarz=10    Bester:       	Weiß=6     	Schwarz=3     Stark:        	Weiß=5     	---        Brilliant:      	Weiß=1     	---} 1/2-1/2

[Event "Grand Prix Romania 1st Stage 2024"]
[Site "Bucuresti"]
[Date "2024.03.24"]
[Round "5.22"]
[White "Baranciuc, Alexandr"]
[Black "Parligras, Mircea-Emilian"]
[Result "0-1"]
[ECO "C54"]
[WhiteElo "2336"]
[BlackElo "2543"]
[Annotator "TA"]
[PlyCount "62"]
[EventDate "2024.03.20"]
[EventType "swiss"]
[EventCountry "ROU"]
[SourceTitle "playchess.com"]
[Source "ChessBase"]
[SourceQuality "1"]
[TimeControl "900+5"]

1. e4 e5 2. Nf3 Nc6 3. Bc4 Bc5 4. c3 Nf6 5. d3 a6 6. a4 Ba7 7. O-O d6 8. Re1 {[%emt 0:00:03] Weiß steht etwas besser.} h6 9. Nbd2 g5 10. b4 Nh7 11. Kh1 Bxf2 (11... Qf6 $11 {bleibt in der Remisbreite.}) 12. Rf1 $16 Bb6 13. Bxf7+ Kxf7 $2 (13... Kf8 $16 {leistet mehr Widerstand.} 14. Nc4 Kg7 15. Nxb6 cxb6) 14. Nxe5+ $18 (14. Nxg5+ Kg7 15. Nf7 Qh4 $14) 14... Kg7 {[%emt 0:00:15] [#]} (14... Kg8 $142) 15. Nf7 $2 ({Der einzige Zug:} 15. Rf7+ $1 $18 Kg8 16. Qb3) 15... Qe7 $14 16. Nxh8 {[%emt 0:00:03] Droht stark Rf7+.} Kxh8 17. Qh5 ({Besser ist} 17. d4 $11) 17... Kg7 $1 $15 18. Bb2 Nf6 {[%emt 0:00:25] Das Brett brennt.} 19. Qe2 (19. c4 $2 Bd4 20. Bxd4 Nxd4 21. Rxf6 Qxf6 $19) (19. Qd1 $1 $15) 19... Bg4 $36 {[%emt 0:00:28][%mdl 2048] Schwarz hat starke Initiative. Schwarz steht aktiver.} 20. Nf3 Rf8 21. h3 $2 {[%emt 0:00:06] [#]} (21. Rac1) 21... Nh5 $1 $19 22. Kh2 {[%emt 0:01:21] Verhindert Ng3} (22. Qd2 Ng3+) 22... Bxf3 23. Rxf3 Qe5+ 24. g3 {[%emt 0:00:44] [#]} Nxg3 $1 25. Qg2 (25. c4 Nxe2+) 25... Nxe4+ 26. Kh1 Nf2+ ({Schlechter ist} 26... Nxc3 27. Bxc3 (27. Rxf8 $2 Kxf8 28. Bxc3 Qxc3 $19) 27... Qxc3 28. Raf1 Rxf3 29. Qxf3 $11) 27. Kg1 Nxd3+ 28. Kh1 Nf2+ {[%emt 0:00:00] Schwarz setzt Matt.} 29. Kg1 Nd1+ 30. Kh1 Rxf3 31. Qxf3 Qe1+ {[%emt 0:00:00] Schwarz hat seine Chance genutzt.   Gewichteter Fehlerwert: Weiß=1.04/Schwarz=0.30.  Verlustzug:     	---       	Schwarz=1     Gewinn verpasst:   	Weiß=1     	---        Fehler:       	Weiß=3     	Schwarz=2     Ungenau:       	Weiß=2     	Schwarz=1     OK:         	Weiß=5     	Schwarz=3     Bester:       	Weiß=3     	Schwarz=1     Stark:        	---       	Schwarz=2} 0-1

[Event "Grand Prix Romania 1st Stage 2024"]
[Site "Bucuresti"]
[Date "2024.03.24"]
[Round "5.23"]
[White "Girmacea, Bogdan"]
[Black "Grigore, George-Gabriel"]
[Result "0-1"]
[ECO "B07"]
[WhiteElo "2076"]
[BlackElo "2423"]
[Annotator "TA"]
[PlyCount "79"]
[EventDate "2024.03.20"]
[EventType "swiss"]
[EventCountry "ROU"]
[SourceTitle "playchess.com"]
[Source "ChessBase"]
[SourceQuality "1"]
[TimeControl "900+5"]

1. d4 Nf6 2. Nf3 g6 3. Nbd2 Bg7 4. e4 d6 5. Bd3 O-O 6. O-O c5 7. c3 cxd4 8. cxd4 d5 9. e5 Ne8 10. h3 Nc6 {[%emt 0:00:07] White is slightly better.} 11. Re1 Nc7 12. Nb3 Ne6 13. Bb5 Bd7 14. Bxc6 Bxc6 15. Bd2 Ba4 16. Rc1 Qb6 17. Re3 Rfc8 18. Rec3 Rc6 19. Be3 (19. Rxc6 $11 bxc6 20. Rc3) 19... Rac8 $15 20. Qd3 Bxb3 21. axb3 a6 22. Rxc6 Rxc6 23. Rxc6 Qxc6 24. Qc3 Nd8 25. Ne1 e6 26. Nd3 {[%emt 0:00:02] The position is equal.} Bf8 27. Bg5 {[%emt 0:00:40] Wards off Be7} Qxc3 28. bxc3 $11 {[%emt 0:00:01][%mdl 4096] Endgame. KBN-KBN} Nc6 29. b4 b6 30. Kf1 a5 31. bxa5 bxa5 32. Nb2 h6 33. Bd2 f6 34. exf6 Kf7 35. Ke2 Kxf6 36. Kd3 e5 37. dxe5+ Kxe5 38. f3 h5 39. g4 Bc5 40. c4 {[%emt 0:00:15][%mdl 32768] Weighted Error Value: White=0.11 (very precise) /Black=0.10 (very precise) .  Mistake:       	White=1     	---        Inaccurate:     	White=2     	Black=3      OK:         	White=8     	Black=11     Best:        	White=1     	---       . Loss on time!?} 0-1

[Event "Grand Prix Romania 1st Stage 2024"]
[Site "Bucuresti"]
[Date "2024.03.24"]
[Round "5.24"]
[White "Castellanos Rodriguez, Renier"]
[Black "Onut, Simeon"]
[Result "1-0"]
[ECO "B07"]
[WhiteElo "2469"]
[BlackElo "1983"]
[Annotator "TA"]
[PlyCount "57"]
[EventDate "2024.03.20"]
[EventType "swiss"]
[EventCountry "ROU"]
[SourceTitle "playchess.com"]
[Source "ChessBase"]
[SourceQuality "1"]
[TimeControl "900+5"]

1. e4 g6 2. d4 d6 3. Be3 Bg7 4. Nc3 Nf6 5. Qd2 Ng4 6. Bg5 h6 7. Bh4 g5 8. Bg3 e5 9. Nf3 exd4 10. Nxd4 Nc6 11. Bb5 {[%emt 0:00:50] White is slightly better.} Bd7 12. Bxc6 bxc6 13. O-O-O Rb8 14. h4 Qf6 {[%emt 0:01:21] White leaves nothing to chance now.} (14... Ne5 $14) 15. Nf3 $16 {[%emt 0:04:10] [#] e5 would now be deadly.} Be6 16. hxg5 hxg5 17. Rxh8+ (17. Qxg5 Rxh1 (17... Bh6 18. Rxh6 Qxh6 19. Qxh6 $15) 18. Rxh1 Bh6 19. Rxh6 Qxh6 (19... Qxg5+ $2 20. Nxg5 Nxh6 21. f3 $19) 20. Qxh6 Nxh6 $15) 17... Bxh8 18. Nxg5 (18. Qxg5 Qxg5+ 19. Nxg5 Bxc3 20. bxc3 Bxa2 $16) 18... Bxa2 $2 {[%emt 0:00:22] [#]} (18... c5 $16 {is a better chance.} 19. Rh1 Bg7) 19. e5 $18 Nxe5 20. Bxe5 (20. Nxa2 Nf3 21. Qe3+ (21. gxf3 $2 Qxb2#) 21... Kd7 $18) 20... Qh6 21. Bxh8 Qxh8 22. b3 (22. Nxa2 $2 Qxb2#) 22... Bxb3 23. cxb3 Rxb3 24. Kc2 Rb4 25. Re1+ Kf8 26. Re4 Rb8 27. Qf4 {[%emt 0:00:20][%csl Gg5][%cal Rf4f7] White mates.} Qh5 28. Qf6 Re8 29. Ne6+ {[%emt 0:00:49] Weighted Error Value: White=0.34/Black=1.03.  Loses game:     	---       	Black=1      Mistake:       	---       	Black=1      Inaccurate:     	---       	Black=1      OK:         	White=5     	Black=3      Best:        	White=2     	Black=1} (29. g4 $142 Qxg5 30. Qxg5 (30. Qh8+ Qg8 31. Rxe8+ Kxe8 32. Qxg8+ Ke7 33. Ne4 d5 34. Qg5+ Kd7 35. Qf5+ Ke7) 30... Rxe4 31. Nxe4 Ke8 32. Qf5 Ke7 33. Nf6 d5 34. Qe5+ Kf8 35. Nd7+ (35. Qxc7 d4 36. Qd6+ Kg7 37. Nh5+ Kg8 38. Qxd4 f6 39. Qxf6 Kh7 40. Qg7#) 35... Kg8 36. Qg5+ (36. Qxc7 Kh7 37. Ne5 Kh6 38. Qxf7 Kg5 39. Qg6+ Kh4 40. Qh6#) 36... Kh7 37. Nf6+ Kh8 38. Qh6#) 1-0

[Event "Grand Prix Romania 1st Stage 2024"]
[Site "Bucuresti"]
[Date "2024.03.24"]
[Round "5.25"]
[White "Gulie, Cosmin"]
[Black "Tilicheev, Viacheslav"]
[Result "0-1"]
[ECO "B22"]
[WhiteElo "1987"]
[BlackElo "2485"]
[Annotator "TA"]
[PlyCount "90"]
[EventDate "2024.03.20"]
[EventType "swiss"]
[EventCountry "ROU"]
[SourceTitle "playchess.com"]
[Source "ChessBase"]
[SourceQuality "1"]
[TimeControl "900+5"]

1. e4 c5 2. c3 Nf6 3. e5 Nd5 4. Bc4 Nb6 5. Bb3 Nc6 6. Nf3 d5 7. exd6 Qxd6 8. d4 cxd4 9. Nxd4 Nxd4 10. Qxd4 {[%emt 0:00:01] The position is equal.} Qxd4 11. cxd4 Bf5 12. Nc3 e6 13. Be3 Bb4 14. a3 Bxc3+ 15. bxc3 Rc8 16. Kd2 Be4 17. f3 Bd5 18. Rab1 Kd7 19. a4 Bxb3 20. Rxb3 Nc4+ (20... Nxa4 21. Rxb7+ Kc6 22. Rxa7 $16 (22. Rxf7 a5 $18)) 21. Kd3 b6 22. Bd2 Rc6 23. Rc1 Rhc8 24. Rb5 h6 25. f4 f5 26. h3 Nd6 27. Re5 Nc4 28. Rb5 a6 (28... Ke7 $15) 29. Rb4 a5 30. Rb5 Nd6 31. Re5 Rc4 32. Rb1 R8c6 33. d5 exd5 34. Rbe1 $2 ({White must play} 34. Rxd5 $11 Ke6 (34... Rxa4 35. Be3 $11) 35. Re5+ Kf6 36. g4) 34... Ne4 (34... Rxa4 $17 {And now ...Ne4 would win.} 35. Rxd5 g6) 35. Rxd5+ $11 Ke6 36. Re5+ {[%emt 0:00:16] [#] This costs White the game.} (36. Rd4 $1 $11 {and White is okay.} Rxd4+ 37. cxd4) 36... Kf6 $1 $19 37. g4 {[%emt 0:00:27] [#]} g6 (37... Rxa4 $2 38. Rxf5+ Ke7 39. Re5+ (39. Rxe4+ Rxe4 40. Kxe4 g5 $18) 39... Kd7 40. R1xe4 $18 (40. R5xe4 Rd6+ 41. Rd4 Rdxd4+ 42. cxd4 Ra3+ 43. Ke4 b5 $18)) 38. gxf5 gxf5 (38... Nxc3 $2 39. Re6+ Kf7 40. fxg6+ Kg7 41. Rxc6 Rxc6 42. Bxc3+ $18) 39. Ra1 Nxd2 ({Don't take} 39... Nxc3 40. Be3 $15) 40. Kxd2 Rxf4 {[%emt 0:00:02] KRR-KRR} 41. Rb5 (41. Rd5 $142) 41... Rf2+ 42. Ke3 Rc2 (42... Rxc3+ $2 {perishes.} 43. Kxf2 Rxh3 44. Rxb6+ Kg5 45. Rb5 $18) 43. Rf1 R2xc3+ (43... R6xc3+ $2 44. Kd4 $19) 44. Kd4 R6c4+ (44... Rxh3 $2 45. Rbxf5+ Kg6 46. R5f4 $19) 45. Kd5 Rc5+ {[%emt 0:00:02] Weighted Error Value: White=0.34/Black=0.13 (very precise) .  Loses game:     	White=1     	---        Mistake:       	White=2     	Black=2      Inaccurate:     	White=3     	Black=1      OK:         	White=9     	Black=21     Best:        	White=1     	Black=1      Strong:       	---       	Black=1} (45... Rxa4 46. Rxb6+ Kg5 47. Rg1+ Kf4 48. Rxh6 Rd3+ 49. Ke6 Re4+ 50. Kf7 $11) 0-1